 Dungeon Crawl Stone Soup version 0.19.5 (webtiles) character file.

119 BabyRage the Stinger (level 5, -2/45 HPs)
             Began as a Naga Venom Mage on Mar 18, 2017.
             Killed from afar by a white imp (6 damage)
             ... with a puff of frost
             ... summoned by Natasha
             ... on level 2 of the Dungeon.
             The game lasted 00:04:03 (2572 turns).

BabyRage the Stinger (Naga Venom Mage)              Turns: 2572, Time: 00:04:03

Health: -2/45      AC:  5    Str: 16    XL:     5   Next: 3%
Magic:  8/8        EV:  6    Int: 16    God:
Gold:   80         SH:  7    Dex: 11    Spells: 1 memorised, 7 levels left

rFire  . . .     SeeInvis +     e - +0 spear
rCold  . . .     Gourm    .     l - +0 ring mail
rNeg   . . .     Faith    .     p - +0 shield
rPois  +         Spirit   .     h - +0 helmet
rElec  .         Reflect  .     (no cloak)
rCorr  .         Harm     .     (no gloves)
MR     .....                    (no barding)
Stlth  +.........               (no amulet)
                                (no ring)
                                q - +5 ring of strength

@: short of breath, very slow
A: see invisible, deformed body, poison resistance, slowness 2, slow metabolism
1, spit poison 1, wild magic 1, AC +1
a: Spit Poison


You were on level 2 of the Dungeon.
You were not hungry.

You visited 1 branch of the dungeon, and saw 2 of its levels.

You collected 80 gold pieces.

Inventory:

Hand Weapons
 e - a +0 spear (weapon)
Armour
 h - a +0 helmet (worn)
 l - a +0 ring mail (worn)
 p - a +0 shield (worn)
Jewellery
 q - a +5 ring of strength (left hand)
Wands
 d - a wand of lightning (1/15)
Scrolls
 a - a scroll of remove curse {unknown}
 i - 5 scrolls of identify {unknown}
 k - a scroll of fear {unknown}
 n - a scroll of enchant weapon {unknown}
Potions
 g - 3 potions of haste {unknown}
Books
 b - a Young Poisoner's Handbook

   Spells                             Type                      Level
   a - Sting                          Conjuration/Poison           1
   b - Mephitic Cloud                 Conjuration/Poison/Air       3
   c - Olgreb's Toxic Radiance        Poison                       4
   d - Alistair's Intoxication        Transmutation/Poison         5
   e - Venom Bolt                     Conjuration/Poison           5
Comestibles
 c - a bread ration
 f - 4 fruits
 j - a chunk of flesh
 o - a slice of pizza
 r - a beef jerky


   Skills:
 + Level 2.1 Fighting
 * Level 2.8 Polearms
 - Level 1.5 Dodging
 - Level 3.0 Stealth
 + Level 1.3 Shields
 - Level 2.1 Spellcasting
 - Level 5.4 Poison Magic


You had 7 spell levels left.
You knew the following spells:

 Your Spells              Type           Power        Failure   Level  Hunger
a - Sting                 Conj/Pois      ##..         83%         1    #......


Dungeon Overview and Level Annotations

Branches:
Dungeon (2/15)

Altars:
Ru

Annotations:
D:2 Natasha


Innate Abilities, Weirdness & Mutations

You cannot wear boots.
Your serpentine skin is tough. (AC +1)
You have supernaturally acute eyesight. (SInv)
Armour fits poorly on your strangely shaped body.
Your system is resistant to poisons. (rPois)
You cover ground very slowly.
You have a slow metabolism.
You can spit poison.
Your spells are a little harder to cast, but a little more powerful.


Message History

Natasha is severely wounded.
Natasha casts a spell.
The white imp hits you but does no damage.
You block the frilled lizard's attack.
The white imp hits you but does no damage.
Unknown command.
You hit Natasha.
Natasha is almost dead.
You block Natasha's attack. The white imp hits you.
* * * LOW HITPOINT WARNING * * *
The white imp freezes you.
* * * LOW HITPOINT WARNING * * *
The frilled lizard bites you but does no damage.
You block the white imp's attack.
You closely miss Natasha.
Natasha is almost dead.
You block Natasha's attack. The white imp gestures at you.
The puff of frost hits you!
You die...

#.........# ###.#######
#รท# #####.# ####...#.##
#.........######## #
#.........##....<# #
#.........##.###.###### #
..........@55##.# #......#
#
...##.....lh5....###..###.#
# #.# #.........##.....##
#.# #.# #.#.......###.#.##
#.# #.# #.........# ##.##
#.# #.# ########.## ### #.#
######.## ##'## #.#
........# ##...## ####.##
.#####..# ##.....## #......


You could see Natasha, a crimson imp, 2 white imps and a frilled lizard.

Vanquished Creatures
  Natasha (D:2)
  Robin (D:2)
  5 adders (D:2)
  A dart slug (D:2)
  A leopard gecko (D:2)
  2 giant cockroaches (D:1)
  11 goblins
  3 hobgoblins (D:2)
  2 kobolds (D:2)
  A quokka (D:2)
  4 bats
  4 frilled lizards
  3 rats
39 creatures vanquished.

Notes
Turn   | Place    | Note
-------+----------+-------------------------------------------
     0 | D:1      | BabyRage the Naga Venom Mage began the quest for the Orb.
     0 | D:1      | Reached XP level 1. HP: 15/15 MP: 3/3
   249 | D:1      | Reached XP level 2. HP: 15/24 MP: 5/5
   469 | D:1      | Reached skill level 1 in Fighting
   704 | D:2      | Reached skill level 1 in Polearms
   983 | D:2      | Reached XP level 3. HP: 9/31 MP: 6/6
  1226 | D:2      | Found a sacrificial altar of Ru.
  1467 | D:2      | Noticed Natasha
  1474 | D:2      | Killed Natasha
  1474 | D:2      | Reached skill level 1 in Shields
  1474 | D:2      | Reached XP level 4. HP: 16/39 MP: 7/7
  2099 | D:2      | Noticed Robin
  2129 | D:2      | Gained mutation: You have a somewhat thin skeletal structure. (Dex +2, Stealth) [potion of beneficial mutation]
  2131 | D:2      | Lost mutation: You have a somewhat thin skeletal structure. (Dex +2, Stealth) [potion of cure mutation]
  2138 | D:2      | Killed Robin
  2141 | D:2      | Reached XP level 5. HP: 7/45 MP: 8/8
  2392 | D:2      | Gained mutation: Your spells are a little harder to cast, but a little more powerful. [potion of beneficial mutation]
  2559 | D:2      | Noticed Natasha
  2572 | D:2      | Killed from afar by a white imp

Skill      XL: |  1  2  3  4 |
---------------+-------------+-----
Fighting       | 1 2 |  2.1
Polearms       | 1 2 |  2.8
Shields        | 1 |  1.3
Dodging        | |  1.5
Stealth        | |  3.0
Spellcasting   | |  2.1
Poison Magic   | |  5.4

Action                   |  1- 3 |  4- 6 || total
-------------------------+-------+-------++-------
Melee: Spear             |    73 |    85 ||   158
 Cast: Sting             |     7 |       ||     7
 Abil: Spit Poison       |     8 |     7 ||    15
  Use: Potion            |       |     6 ||     6
 Stab: Sleeping          |     3 |     2 ||     5
  Eat: Chunk             |     1 |     4 ||     5
Armor: Ring mail         |    23 |    30 ||    53
       Robe              |     3 |       ||     3
Dodge: Dodged            |    18 |    22 ||    40
Block: Shield            |    11 |    32 ||    43
